 Dungeon Crawl Stone Soup version 0.21.1-1-g345015fe64 (webtiles) character file.

46 ImError the Skirmisher (level 3, -8/31 (33) HPs)
             Began as a Ghoul Monk on Apr 21, 2018.
             Mangled by a gnoll
             ... wielding a +0 spear
              (10 damage)
             ... on level 3 of the Dungeon on Apr 22, 2018.
             The game lasted 00:11:08 (1999 turns).

ImError the Skirmisher (Ghoul Monk)                 Turns: 1999, Time: 00:11:08

HP:   -8/31 (33)    AC:  4    Str: 14    XL:     3   Next: 66%
MP:   2/2           EV: 12    Int:  5    God:
Gold: 95            SH:  0    Dex: 12    Spells: 2/2 levels left

rFire    + . .     SeeInvis .     - Unarmed
rCold    + + +     Gourm    .   (no shield)
rNeg     + + +     Faith    .   d - +0 leather armour
rPois    ∞         Spirit   .   (no helmet)
rElec    +         Reflect  .   p - scarf {rC+ rF+}
rCorr    +         Harm     .   q - +0 pair of gloves (curse)
MR       .....                  (no boots)
Stlth    ++........             (no amulet)
HPRegen  0.00/turn              m - ring of ice
MPRegen  0.08/turn              (no ring)

@: resistant, rotting
A: rotting body, claws 1, carnivore, cold resistance 1, negative energy
resistance 3, inhibited regeneration, torment resistance, unbreathing
a: no special abilities


You were on level 3 of the Dungeon.
You were not hungry.

You visited 1 branch of the dungeon, and saw 3 of its levels.

You collected 95 gold pieces.

Inventory:

Missiles
 c - a throwing net (quivered)
 i - 74 stones
Armour
 a - a +0 robe
 d - a +0 leather armour (worn)
 p - a scarf of resistance (worn)
 q - a cursed +0 pair of gloves (worn)
Jewellery
 m - a ring of ice (left hand)
Scrolls
 e - a scroll of teleportation
 f - a scroll of magic mapping {unknown}
 g - 3 scrolls of remove curse
 h - a scroll of enchant weapon {unknown}
 j - 2 scrolls of identify {unknown}
 r - a scroll of blinking {unknown}
Potions
 l - 2 potions of heal wounds {unknown}
 n - a potion of haste {unknown}
 o - a potion of might {unknown}
Comestibles
 b - 7 rations


   Skills:
 + Level 3.7 Fighting
 + Level 3.1 Dodging
 + Level 3.0 Stealth
 + Level 3.7 Unarmed Combat


You had 2 spell levels left.
You didn't know any spells.

Dungeon Overview and Level Annotations

Branches:
Dungeon (3/15)

Altars:


Innate Abilities, Weirdness & Mutations

Your body is rotting away.
You thrive on raw meat.
You are immune to poison.
You have sharp fingernails.
You are carnivorous and can eat meat at any time.
Your flesh is cold resistant. (rC+)
You are immune to negative energy. (rN+++)
You do not regenerate when monsters are visible.
You are immune to unholy pain and torment.
You can survive without breathing.


Message History

You feel protected. The adder bites you. The bat hits you.
The frilled lizard bites you.
You struggle against the net.
The bat barely misses you. The adder bites you. The frilled lizard bites you.
You struggle against the net.
The adder bites you. The bat hits you but does no damage.
The gnoll hits you from afar with a spear.
The adder bites you.
The gnoll hits you from afar with a halberd.
The frilled lizard bites you but does no damage.
A rat comes into view.
You tear a large gash into the net.
The bat hits you but does no damage.
The gnoll hits you from afar with a spear!
* * * LOW HITPOINT WARNING * * *
The adder bites you but does no damage. The frilled lizard barely misses you.
You shred the net and break free! The bat hits you but does no damage.
The gnoll hits you from afar with a halberd.
* * * LOW HITPOINT WARNING * * *
The gnoll hits you from afar with a spear!
You die...

..... #....
## ..<. ..
...#.# #
#....#
#.#.b..###
#.#.."..S..#
....gg.@.#
.....g.%l..#
........####
........#
........#
...###...
.r. #### ..


You could see 3 gnolls, an adder, a bat, a frilled lizard and a rat.

Vanquished Creatures
  2 adders (D:2)
  2 worms (D:2)
  A dart slug (D:2)
  3 giant cockroaches
  2 goblins
  A hobgoblin (D:2)
  4 bats
  4 frilled lizards
  2 kobolds
  2 rats (D:1)
23 creatures vanquished.

Notes
Turn   | Place    | Note
-------+----------+-------------------------------------------
     0 | D:1      | ImError the Ghoul Monk began the quest for the Orb.
     0 | D:1      | Reached XP level 1. HP: 19/19 MP: 0/0
   272 | D:1      | Reached XP level 2. HP: 25/26 MP: 1/1
   711 | D:2      | Reached XP level 3. HP: 30/31 MP: 2/2
  1999 | D:3      | Mangled by a gnoll

Skill      XL: |  1  2  3 |
---------------+----------+-----
Dodging        | 3 |  3.1
Stealth        | 3 |  3.0
Fighting       | |  3.7
Unarmed Combat | |  3.7

Action                   || total
-------------------------++-------
Melee: Unarmed           ||    70
  Use: Scroll            ||     2
       Potion            ||     1
 Stab: Sleeping          ||     3
  Eat: Chunk             ||     4
Armor: Leather armour    ||    18
Dodge: Dodged            ||    38
